 Dungeon Crawl Stone Soup version 0.28.0-55-gcd9437bce4 (webtiles) character file.

Game seed: 4540121724304171860

56 nerdsy the Conjurer (level 3, -3/27 HPs)
             Began as a Draconian Conjurer on Dec 30, 2022.
             Slain by an orc
             ... wielding a +0 hand axe
              (5 damage)
             ... on level 3 of the Dungeon.
             The game lasted 00:13:23 (3016 turns).

nerdsy the Conjurer (Draconian Conjurer)            Turns: 3016, Time: 00:13:24

Health: -3/27      AC:  6    Str:  9    XL:     3   Next: 71%
Magic:  0/6        EV: 12    Int: 20    God:
Gold:   110        SH:  0    Dex:  9    Spells: 5/6 levels left

rFire   . . .      SeeInvis .   e - +0 whip
rCold   . . .      Faith    .   (no shield)
rNeg    . . .      Spirit   .   (armour unavailable)
rPois   .          Reflect  .   (helmet restricted)
rElec   .          Harm     .   (no cloak)
rCorr   .          Rampage  .   (no gloves)
Will    .....                   b - +0 pair of boots
Stlth   ++........              (no amulet)
HPRegen 0.09/turn               (no ring)
MPRegen 0.10/turn               (no ring)

@: no status effects
A: AC +5, unfitting armour, cold-blooded
a: no special abilities


You were on level 3 of the Dungeon.
You visited 1 branch of the dungeon, and saw 3 of its levels.

You collected 110 gold pieces.

Inventory:

Hand Weapons
 e - a +0 whip (weapon)
Missiles
 d - 35 stones
 i - 13 arrows
Armour
 b - a +0 pair of boots (worn)
Jewellery
 g - a ring of positive energy
Scrolls
 a - a scroll of acquirement {unknown}
 c - a scroll of brand weapon {unknown}
 h - a scroll of torment {unknown}
 k - 2 scrolls of identify {unknown}
Potions
 f - a potion of cancellation {unknown}
 j - a potion of brilliance {unknown}


   Skills:
 + Level 0.3 Fighting
 + Level 0.4 Maces & Flails
 + Level 2.1 Dodging
 + Level 2.1 Stealth
 + Level 0.4 Unarmed Combat
 + Level 2.3 Spellcasting
 + Level 4.7 Conjurations


You had 5 spell levels left.
You knew the following spells:

 Your Spells              Type           Power      Damage    Failure   Level
a - Magic Dart            Conj           84%        1d7       2%          1

Your spell library contained the following spells:

 Spells                   Type           Power      Damage    Failure   Level
 Searing Ray              Conj           42%        2d6       3%          2
 Dazzling Flash           Conj/Hex       22%        N/A       17%         3
 Fulminant Prism          Conj/Hex       5%         3d7       50%         4
 Iskenderun's Mystic Bla  Conj/Tloc      11%        2d4       50%         4


Dungeon Overview and Level Annotations

Branches:
Dungeon (3/15)

Altars:
Okawaru


Innate Abilities, Weirdness & Mutations

Your plain brown scales are hard. (AC +5)
You cannot fit into any form of body armour.
You are cold-blooded and may be slowed by cold attacks.


Message History

Confirm with . or Enter, or press ? or * to list all spells.
Aiming: Magic Dart (safe; 2% risk of failure)
Press: ? - help, Shift-Dir - straight line, f - orc priest
Aim: an orc priest, wielding a +0 hand axe and wearing a +2 ring mail of poison resistance (wandering, hasn't noticed you, 100% to hit)
The magic dart hits the orc priest but does no damage.
The orc priest shouts!
The orc priest casts a cantrip, but nothing happens.
Casting: Magic Dart (safe; 2% risk of failure)
Confirm with . or Enter, or press ? or * to list all spells.
Aiming: Magic Dart (safe; 2% risk of failure)
Press: ? - help, Shift-Dir - straight line, f/p - orc priest
Aim: an orc priest, wielding a +0 hand axe and wearing a +2 ring mail of poison resistance (100% to hit)
The magic dart hits the orc priest.
The orc priest is lightly wounded.
The orc priest invokes the aid of Beogh against you.
Pain shoots through your body!
Casting: Magic Dart (safe; 2% risk of failure)
Confirm with . or Enter, or press ? or * to list all spells.
Aiming: Magic Dart (safe; 2% risk of failure)
Press: ? - help, Shift-Dir - straight line, f/p - orc priest
Aim: an orc priest, wielding a +0 hand axe and wearing a +2 ring mail of poison resistance (lightly wounded, 100% to hit)
The magic dart hits the orc priest.
The orc priest is lightly wounded.
An orc comes into view. It is wielding a +0 hand axe.
The orc priest hits you with a +0 hand axe.
You closely miss the orc priest.
The orc priest is lightly wounded.
The orc shouts!
The orc priest barely misses you.
You barely miss the orc priest.
The orc priest is lightly wounded.
The orc priest closely misses you.
You hit the orc priest.
The orc priest is moderately wounded.
The orc priest mumbles some strange prayers to Beogh against you.
Beogh smites you!
Ouch! That really hurt!
* * * LOW HITPOINT WARNING * * *
The orc hits you with a +0 hand axe.
You die...

##.#. #.# #.#....
.....##.# #.#....
#.#.#..# #......
###......######.#....
.....≈≈≈.............
#.####..≈(≈..##.##.#....
.......≈≈≈..##.##......
#.###.......###.##..#.##
....)..@o...............
....#.o####.###.###.#.##
# #.. #.# #.# #.#.# #..
#.# #.# #.# #
...####.###.# #.#
#............###.####
....##...............
##... ###.#######.####
#........#.####


You could see an orc priest and an orc.

Vanquished Creatures
  2 dart slugs
  3 orcs (D:3)
  3 bats (D:1)
  5 endoplasms
  A giant cockroach (D:1)
  6 goblins
  5 hobgoblins
  2 jackals (D:3)
  2 kobolds
  A quokka (D:1)
  7 ball pythons
  4 frilled lizards
  3 rats
44 creatures vanquished.

Notes
Turn   | Place    | Note
-------+----------+-------------------------------------------
     0 | D:1      | nerdsy the Draconian Conjurer began the quest for the Orb.
     0 | D:1      | Reached XP level 1. HP: 14/14 MP: 3/3
   648 | D:1      | Reached XP level 2. HP: 20/20 MP: 0/5
   926 | D:1      | Found a faded altar of an unknown god.
  1894 | D:2      | Reached XP level 3. HP: 26/26 MP: 2/6
  2033 | D:2      | Found an iron altar of Okawaru.
  3016 | D:3      | Slain by an orc

Illustrated notes

Levels and vault maps discovered:
D:1:      dpeg_arrival_houses_and_road, layout_basic,
          dreamdust_ecumenical_altar_sealed_demon, serial_bayou_crossing
D:2:      layout_basic, basic_altar, serial_bayou_pond_e
D:3:      layout_basic, serial_shops,
          nicolae_shop_temple_entry_statues_fountains,
          corexii_item_surrounded_by_moat

Skill      XL: |  1  2  3 |
---------------+----------+-----
Dodging        | 2 |  2.1
Stealth        | 2 |  2.1
Fighting       | |  0.3
Maces & Flails | |  0.4
Unarmed Combat | |  0.4
Spellcasting   | |  2.3
Conjurations   | |  4.7

Action                   || total
-------------------------++-------
Melee: Unarmed           ||    22
       Tailslap          ||    10
       Whip              ||    51
       Punch             ||     1
 Cast: Magic Dart        ||    61
 Stab: Sleeping          ||     5
Armor: Skin              ||    24
Dodge: Dodged            ||    42
